 Dungeon Crawl Stone Soup version 0.25.0-37-gb73750e0fb (webtiles) character file.

Game seed: 8326059070606663676

80 Ethylacetat the Poker (level 4, 0/35 HPs)
             Began as a Demonspawn Gladiator on July 8, 2020.
             Slain by Crazy Yiuf
             ... wielding a +4 quarterstaff of chaos
              (3 damage)
             ... on level 2 of the Dungeon.
             The game lasted 00:02:56 (1604 turns).

Ethylacetat the Poker (Demonspawn Gladiator)        Turns: 1604, Time: 00:02:56

Health: 0/35       AC:  4    Str: 16    XL:     4   Next: 18%
Magic:  13/13      EV: 12    Int:  9    God:
Gold:   73         SH:  0    Dex: 14    Spells: 3/3 levels left

rFire    . . .     SeeInvis .   a - +0 trident
rCold    . . .     Gourm    .   (no shield)
rNeg     . . .     Faith    .   b - +0 leather armour
rPois    .         Spirit   .   c - +0 helmet
rElec    .         Reflect  .   (no cloak)
rCorr    .         Harm     .   (no gloves)
MR       .....     Rnd*Tele +   (no boots)
Stlth    +.........             (no amulet)
HPRegen  0.11/turn              l - ring of magical power
MPRegen  0.13/turn              k - ring of teleportation (curse)

@: lightly drained
A: powered by death 1, powered by pain 1
a: no special abilities


You were on level 2 of the Dungeon.
You were very hungry.

You visited 1 branch of the dungeon, and saw 2 of its levels.

You collected 73 gold pieces.

Inventory:

Hand Weapons
 a - a +0 trident (weapon)
Missiles
 d - 4 throwing nets (quivered)
Armour
 b - a +0 leather armour (worn)
 c - a +0 helmet (worn)
Jewellery
 k - a cursed ring of teleportation (right hand)
 l - a ring of magical power (left hand)
Scrolls
 h - 3 scrolls of identify {unknown}
 i - a scroll of remove curse {unknown}
 m - 3 scrolls of teleportation {unknown}
 p - a scroll of blinking {unknown}
Potions
 e - 2 potions of cancellation {unknown}
 j - 2 potions of curing {unknown}
 n - a potion of heal wounds {unknown}
 o - a potion of flight {unknown}
Comestibles
 f - 6 rations


   Skills:
 + Level 3.0(2.7) Fighting
 * Level 4.1(3.8) Polearms
 - Level 1.7(1.4) Throwing
 - Level 2.6(2.3) Dodging


You had 3 spell levels left.
You didn't know any spells.
Your spell library was empty.

Dungeon Overview and Level Annotations

Branches:
Dungeon (2/15)

Altars:
Ashenzari
Nemelex Xobeh
Qazlal
Uskayaw
Vehumet
Xom

Annotations:
D:2 Crazy Yiuf


Innate Abilities, Weirdness & Mutations

You regenerate a little health from kills.
You sometimes gain a little power by taking damage.


Message History

You feel drained.
You are too injured to fight recklessly!
You are too injured to fight recklessly!
You barely miss Crazy Yiuf.
Crazy Yiuf is heavily wounded.
Crazy Yiuf says, "Action!"
Crazy Yiuf misses you.
You hit Crazy Yiuf but do no damage.
Crazy Yiuf is heavily wounded.
Crazy Yiuf closely misses you.
You hit Crazy Yiuf.
Crazy Yiuf is heavily wounded.
Crazy Yiuf hits you with a +4 quarterstaff of chaos!
* * * LOW HITPOINT WARNING * * *
Crazy Yiuf freezes you.
* * * LOW HITPOINT WARNING * * *
You puncture Crazy Yiuf!
Crazy Yiuf is almost dead.
Crazy Yiuf hits you with a +4 quarterstaff of chaos.
You die...

#.#######....#
#..#######.
#.# #....#
#..#...#...
#.# ♣....♣
#......##.#
#.# ♣♣...♣
##.#...#...
#.# ♣♣.♣♣
###.#####.##
##.## ♣♣.♣
#.......#...
##...## ♣.♣♣
#######.##.#
#..#..## ♣♣.♣
#.#...
#.###..# ♣@♣♣
#.###.
#..#..## #g#
#.#... ##...##
... #.##.#
##### #...#
#..... #)..#
###### #####


You could see Crazy Yiuf.

Vanquished Creatures
  Jessica (D:2)
  A gnoll (D:2)
  An adder (D:2)
  A worm (D:2)
  A ball python (D:2)
  4 bats
  A giant cockroach (D:1)
  4 goblins
  3 hobgoblins
  4 jackals (D:2)
  5 kobolds
  A frilled lizard (D:1)
  6 rats
33 creatures vanquished.

Notes
Turn   | Place    | Note
-------+----------+-------------------------------------------
     0 | D:1      | Ethylacetat the Demonspawn Gladiator began the quest for
                  | the Orb.
     0 | D:1      | Reached XP level 1. HP: 16/16 MP: 1/1
    80 | D:1      | Reached skill level 3 in Polearms
   165 | D:1      | Gained mutation: You regenerate a little health from kills.
                  | [demonic ancestry]
   165 | D:1      | Reached XP level 2. HP: 22/22 MP: 2/2
   261 | D:1      | Found a radiant altar of Vehumet.
   263 | D:1      | Found a shattered altar of Ashenzari.
   263 | D:1      | Found a sparkling altar of Nemelex Xobeh.
   266 | D:1      | Found a shimmering altar of Xom.
   266 | D:1      | Found a shattered altar of Ashenzari.
   266 | D:1      | Found a hide-covered altar of Uskayaw.
   892 | D:2      | Gained mutation: You sometimes gain a little power by
                  | taking damage. [demonic ancestry]
   892 | D:2      | Reached XP level 3. HP: 28/28 MP: 3/3
  1017 | D:2      | Noticed Jessica
  1025 | D:2      | Killed Jessica
  1025 | D:2      | Reached skill level 4 in Polearms
  1025 | D:2      | Reached XP level 4. HP: 20/35 MP: 4/4
  1210 | D:2      | Found a runed translucent door.
  1211 | D:2      | Noticed Crazy Yiuf
  1281 | D:2      | Found a stormy altar of Qazlal.
  1604 | D:2      | Slain by Crazy Yiuf

Illustrated notes

Levels and vault maps discovered:
D:1:      nicolae_arrival_memento_mori, layout_loops_ring,
          minmay_misc_feat_nine_boxes, doesnt_xom_only_xom
D:2:      layout_loops_ring, nicolae_qazlal_general_emergency,
          minmay_misc_feat_alley, chequers_serial_rivers_micro_a,
          minmay_tripent, uniq_crazy_yiuf_cottage, uniq_jessica

Skill      XL: |  1  2  3 |
---------------+----------+-----
Polearms       | 3 4 |  4.1
Fighting       | 3 |  3.0
Throwing       | |  1.7
Dodging        | |  2.6

Action                   |  1- 3 |  4- 6 || total
-------------------------+-------+-------++-------
Melee: Trident           |    86 |    17 ||   103
 Stab: Sleeping          |     3 |       ||     3
  Eat: Chunk             |       |     1 ||     1
Armor: Leather armour    |    21 |       ||    21
Dodge: Dodged            |    57 |     8 ||    65
